 Dungeon Crawl Stone Soup version 0.32-a0-898-g7811c86cf0 (webtiles) character file.

Game seed: 9805221787624053221

438 Biggs the Shooter (level 7, -4/50 HPs)
             Began as a Coglin Hunter on Apr 4, 2024.
             Was an Initiate of Okawaru.
             Slain by Pikel
             ... wielding a +2 whip of electrocution
              (7 damage)
             ... on level 4 of the Dungeon.
             The game lasted 00:05:49 (3236 turns).

Biggs the Shooter (Coglin Hunter)                   Turns: 3236, Time: 00:05:50

Health: -4/50      AC:  4    Str: 11      XL:     7   Next: 1%
Magic:  7/7        EV: 11    Int:  9      God:    Okawaru [......]
Gold:   219        SH:  0    Dex: 18 (19) Spells: 6/6 levels left

rFire   . . .        a - +3 sling {Kanlaya}
rCold   . . .        d - +0 sling {Nittaya}
rNeg    . . .        c - +0 leather armour
rPois   .            (no helmet)
rElec   .            (no cloak)
rCorr   .            (no gloves)
SInv    .            o - +0 pair of boots
Will    .....        (amulet unavailable)
Stlth   ++           (ring unavailable)
HPRegen 0.28/turn    (ring unavailable)
MPRegen 0.10/turn    (no gizmo)

%: no passive effects
@: revving
A: off-hand wielding, slow wielding, warmup strikes, no jewellery
a: Invent Gizmo, Renounce Religion


You were on level 4 of the Dungeon.
You worshipped Okawaru.
Okawaru was noncommittal.
You visited 1 branch of the dungeon, and saw 4 of its levels.
You also visited: Sewer.

You collected 219 gold pieces.

Inventory:

Hand Weapons
 a - a +3 sling (weapon) {Kanlaya}
 d - a +0 sling (offhand) {Nittaya}
Armour
 c - a +0 leather armour (worn)
 o - a +0 pair of boots (worn)
Wands
 n - a wand of flame (13)
Scrolls
 b - a scroll of butterflies
 e - a scroll of teleportation
 m - a scroll of blinking
 p - a scroll of revelation {unknown}
 q - a scroll of silence {unknown}
Potions
 f - 2 potions of mutation {unknown}
 g - 3 potions of curing {unknown}
 h - a potion of might {unknown}
 i - 2 potions of brilliance
 j - a potion of berserk rage {unknown}
 k - a potion of invisibility {unknown}
 r - a potion of heal wounds {unknown}


   Skills:
 - Level 2.0 Fighting
 + Level 7.4 Ranged Weapons
 - Level 1.7 Dodging
 - Level 0.7 Stealth


You had 6 spell levels left.
You didn't know any spells.
Your spell library contained the following spells:

 Spells                   Type           Power      Damage    Failure   Level
 Cigotuvi's Dreadful Rot  Necr/Alch/Air  0%         N/A       63%         2
 Ozocubu's Armour         Ice            0%         N/A       85%         3
 Freezing Cloud           Conj/Ice/Air   0%         6-21      100%        5
 Irradiate                Conj/Alch      0%         3d11      100%        5


Dungeon Overview and Level Annotations

Branches:
Dungeon (4/15)              Sewer (visited)
 Temple: D:4-7

Altars:
Dithmenos
Nemelex Xobeh
Okawaru
Qazlal

Annotations:
D:3 Eustachio
D:4 Pikel


Innate Abilities, Weirdness & Mutations

You can wield a second weapon in your off-hand.
It takes a long time for you to wield or remove held weapons.
Your first few attacks do less damage.
You cannot equip rings or amulets.


Message History

The sling bullet hits Pikel.
Pikel is lightly wounded.
You shoot a sling bullet. The sling bullet hits Pikel.
Pikel is moderately wounded.
You hear a shout! x2; The lemure shouts!
You shoot a sling bullet. The sling bullet hits Pikel.
Pikel is moderately wounded.
You shoot a sling bullet.
The sling bullet hits Pikel but does no damage.
Pikel is moderately wounded.
Pikel hits you with a +2 whip of electrocution!
You are electrocuted!
A ribbon worm comes into view.
Unknown command.
You shoot a sling bullet. The sling bullet closely misses Pikel.
You shoot a sling bullet. The sling bullet hits Pikel.
Pikel is moderately wounded.
Pikel hits you with a +2 whip of electrocution.
The lemure closely misses you.
You are too injured to fight recklessly!
You are too injured to fight recklessly!
Unknown command.
You are too injured to fight recklessly!
Unknown command.
You are too injured to fight recklessly!
You are too injured to fight recklessly!
Pikel attacks as he pursues you!
Pikel hits you with a +2 whip of electrocution.
Pikel attacks as he pursues you! Pikel closely misses you.
A kobold comes into view. It is wielding a +0 club.
Pikel attacks as he pursues you!
Pikel hits you with a +2 whip of electrocution!
* * * LOW HITPOINT WARNING * * *
You are electrocuted!
* * * LOW HITPOINT WARNING * * *
Pikel attacks as he pursues you! Pikel barely misses you.
Pikel attacks as he pursues you!
Pikel hits you with a +2 whip of electrocution!
You die...
Pikel says, "See you in Hell!"

#. #.#
###..##...### ..#
#.# ##.###.w# .#
#.# #..##..## #
#.# #...#...# #.#
##..5.#.# #.##
##5...#.. #..#
##..##...##
##.#####5.####..#
#K..@K.5## ....
###.##### #.##.
#..). .. .
)..##.# #.# ....
..# ##..# ... ..#
.... ..# ###


You could see Pikel, 2 lemures and a kobold (wandering).

Vanquished Creatures
  A bullfrog (Sewer)
  A jelly (D:3)
  2 sleepcaps
  9 gnolls
  9 adders
  8 dart slugs
  2 ribbon worms (D:2)
  4 orcs
  7 bats
  10 endoplasms
  12 giant cockroaches
  8 hobgoblins
  4 kobolds
  3 quokkas
  10 ball pythons
  7 frilled lizards
  7 goblins
  8 rats
112 creatures vanquished.

Notes
Turn   | Place    | Note
-------+----------+-------------------------------------------
     0 | D:1      | Biggs the Coglin Hunter began the quest for the Orb.
     0 | D:1      | Reached XP level 1. HP: 16/16 MP: 1/1
    43 | D:1      | Reached skill level 4 in Ranged Weapons
    43 | D:1      | Reached XP level 2. HP: 22/22 MP: 2/2
   216 | D:1      | Reached XP level 3. HP: 27/27 MP: 3/3
   691 | D:2      | Identified the +9 dagger "Giantslayer" {elec, Str+2}
   790 | D:2      | Reached skill level 5 in Ranged Weapons
   790 | D:2      | Reached XP level 4. HP: 33/33 MP: 4/4
   865 | D:2      | Found an iron altar of Okawaru.
   890 | D:2      | Became a worshipper of Warmaster Okawaru
  1011 | D:2      | Reached XP level 5. HP: 38/38 MP: 5/5
  1435 | D:3      | Found a faded altar of an unknown god.
  1505 | D:3      | Found a glowing drain.
  1516 | Sewer    | Entered a sewer
  1583 | Sewer    | Reached skill level 6 in Ranged Weapons
  1764 | Sewer    | Reached XP level 6. HP: 37/44 MP: 6/6
  1812 | Sewer    | Got Fionk's Compendium of Mutable Algor
  2260 | D:3      | Found a shadowy altar of Dithmenos.
  2262 | D:3      | Found a stormy altar of Qazlal.
  2315 | D:3      | Reached skill level 7 in Ranged Weapons
  2686 | D:3      | Found a sparkling altar of Nemelex Xobeh.
  2807 | D:4      | Noticed Pikel
  2873 | D:4      | Noticed Eustachio
  3200 | D:4      | Reached XP level 7. HP: 49/50 MP: 7/7
  3236 | D:4      | Slain by Pikel

Illustrated notes

Levels and vault maps discovered:
D:1:      dpeg_arrival_more_subterranean_lakeside_camping, layout_basic
D:2:      layout_basic, basic_altar, chequers_arboretum
D:3:      layout_loops_corners, jmf_multi_god_temple, nemelex_dance_club_becter,
          nicolae_ecumenical_oubliette, cheibrodos_sewer_entry_drain
D:4:      layout_rooms, uniq_pikel, uniq_crazy_yiuf_cottage, uniq_menkaure,
          uniq_eustachio

Skill      XL: |  1  2  3  4  5  6 |
---------------+-------------------+-----
Ranged Weapons | 4 5 6 7 |  7.4
Fighting       | |  2.0
Dodging        | |  1.7
Stealth        | |  0.7

Action                     |  1- 3 |  4- 6 |  7- 9 || total
---------------------------+-------+-------+-------++-------
   Fire: Sling             |   134 |   416 |    16 ||   566
    Use: Scroll            |       |     5 |       ||     5
 Armour: Leather armour    |     7 |    62 |     5 ||    74
  Dodge: Dodged            |     1 |    67 |     3 ||    71

Table legend: (Time is in decaauts)
 A = Elapsed time spent in this place.
 B = Non-inter-level travel time spent in this place.
 C = Inter-level travel time spent in this place.
 D = Time resting spent in this place.
 E = Time spent auto-exploring this place.
 F = Levels seen in this place.
 G = Mean time per level.
                   A        B        C        D        E       F      G
               +--------+--------+--------+--------+--------+-----+--------+
         Total |   3337 |   3148 |    189 |    197 |   2332 |   5 |  667.4 |
       Dungeon |   2916 |   2727 |    189 |    197 |   2066 |   4 |  729.0 |
         Sewer |    420 |    420 |      0 |      0 |    266 |   1 |  420.0 |
               +--------+--------+--------+--------+--------+-----+--------+

Top non-repeatable levels by time:
     D:3: 1258 daAuts
     D:2: 869 daAuts
     D:1: 633 daAuts
   Sewer: 420 daAuts
     D:4: 156 daAuts
